[Event "Wednesday Jan 24 Engine Tour 15 Rd Swiss 12m+1s Starts at 1600hrs ST"]
[Site "Infinity Chess"]
[Date "2018.1.24"]
[Round "10"]
[White "Dovahkiin"]
[Black "SkyPilot"]
[Result "1/2-1/2"]
[ECO "A00"]
[WhiteElo "2426"]
[BlackElo "2489"]
[WhiteEngine "BrainFish_180113_x64_modern_CTG"]
[BlackEngine "stockfish_x64_bmi2_2018_01_13_CTG"]
[EventType "Swiss"]
[WhiteTeam ""]
[BlackTeam ""]
[PlyCount "100"]
[TimeControl "720+1"]

1. e3 e5 2. e4 Nf6 3. Nc3 Bc5 4. Bc4 c6 5. Nf3 d6 6. d3 O-O 7. a4 Re8 
8. O-O Nbd7 9. h3 h6 10. Be3 Bb4 11. Qb1 Nf8 12. Qa2 Re7 13. a5 Ng6 14. Qa4 Bxc3 
15. bxc3 Nh5 16. Rfe1 Re8 17. d4 exd4 18. cxd4 Rxe4 19. Bf1 Qc7 20. c4 Bd7 
21. Nd2 Re7 22. c5 d5 23. a6 bxa6 24. Qxa6 Nf6 25. Reb1 Be6 26. Qa5 Qd7 
27. Ra3 Bf5 28. Rb2 Ne4 29. Nf3 f6 30. Rab3 Ng5 31. Nxg5 fxg5 32. Qa4 Qe8 
33. Bd2 Nh4 34. Qa6 Be4 35. Kh2 Re6 36. f3 Bg6 37. Ba5 Qf8 38. Bc7 Rae8 
39. Be5 Kh7 40. Qa4 h5 41. Qb4 Rxe5 42. dxe5 Rxe5 43. Qc3 Re7 44. Kg1 Qf4 
45. Qd2 Qe5 46. Qf2 Qf6 47. Rb8 Qc3 48. R8b3 Qf6 49. Rb8 Qc3 50. R8b3 Qf6 
1/2-1/2

[Event "Wednesday Jan 24 Engine Tour 15 Rd Swiss 12m+1s Starts at 1600hrs ST"]
[Site "Infinity Chess"]
[Date "2018.1.24"]
[Round "10"]
[White "Marsell"]
[Black "Dinkelberger"]
[Result "1/2-1/2"]
[ECO "C11"]
[WhiteElo "2506"]
[BlackElo "2411"]
[WhiteEngine "asmFishW_2018-01-11_popcnt"]
[BlackEngine "stockfish_18011309_x64_modern_CTG"]
[EventType "Swiss"]
[WhiteTeam ""]
[BlackTeam ""]
[PlyCount "133"]
[TimeControl "720+1"]

1. e4 e6 2. d4 d5 3. Nc3 Nf6 4. e5 Nfd7 5. f4 c5 6. Nf3 Nc6 7. Be3 Be7 8. Qd2 a6 
9. Be2 O-O 10. O-O b5 11. a3 Bb7 12. Nd1 Na5 13. b3 c4 14. Rb1 Bc8 15. Bf2 Nc6 
16. Ra1 Nb6 17. Ne3 Rb8 18. g4 f6 19. exf6 Rxf6 20. Bg3 Rf8 21. b4 a5 22. c3 Ra8 
23. Rae1 axb4 24. axb4 Ra3 25. Ra1 Ra4 26. Rfc1 Bd6 27. Ng2 Nd7 28. Rxa4 bxa4 
29. Bd1 Nf6 30. Bxa4 Qb6 31. Ne5 Bxe5 32. fxe5 Ne4 33. Qe3 Bd7 34. Bd1 Qa7 
35. Be1 Ne7 36. Rb1 Ng6 37. Bf3 Qa2 38. Rc1 Qb2 39. Bxe4 dxe4 40. Qd2 Qa3 
41. Bg3 Ne7 42. Rf1 Rxf1+ 43. Kxf1 Nd5 44. Be1 Qa8 45. Qf2 Qa1 46. Qd2 Qa8 
47. Kg1 e3 48. Nxe3 Nf4 49. d5 exd5 50. Nf5 Nd3 51. Bf2 d4 52. Bxd4 Qf3 
53. Qg5 Qd1+ 54. Kg2 Bc6+ 55. Kh3 Qf1+ 56. Kh4 Qe1+ 57. Ng3 h6 58. Qf5 Qd2 
59. g5 hxg5+ 60. Kg4 Ne1 61. Qe6+ Kh7 62. Qf5+ g6 63. Qf7+ Kh6 64. Qf8+ Kh7 
65. Qf7+ Kh6 66. Qf8+ Kh7 67. Qf7+ 1/2-1/2

[Event "Wednesday Jan 24 Engine Tour 15 Rd Swiss 12m+1s Starts at 1600hrs ST"]
[Site "Infinity Chess"]
[Date "2018.1.24"]
[Round "10"]
[White "RonWeasley"]
[Black "Thinker"]
[Result "1/2-1/2 "]
[ECO "C53"]
[WhiteElo "2509"]
[BlackElo "2437"]
[WhiteEngine "BrainFish 130117_CTG"]
[BlackEngine "BrainFish_180113_x64_modern_CTG"]
[EventType "Swiss"]
[WhiteTeam ""]
[BlackTeam ""]
[PlyCount "276"]
[TimeControl "720+1"]

1. e4 e5 2. Nf3 Nc6 3. Bc4 Bc5 4. c3 Nf6 5. d3 d6 6. Bb3 h6 7. O-O O-O 
8. Nbd2 a5 9. h3 Be6 10. Ba4 Qc8 11. Re1 Bxh3 12. gxh3 Qxh3 13. Nf1 Qg4+ 
14. Kh1 Qh3+ 15. Kg1 Ng4 16. Be3 Bxe3 17. Nxe3 f5 18. exf5 Rae8 19. Nxg4 Qxg4+ 
20. Kh1 Rxf5 21. Nh2 Qxd1 22. Raxd1 Rxf2 23. Ng4 Rf4 24. Bb3+ Kh8 25. Ne3 Ne7 
26. d4 Ng6 27. Ng2 Rf2 28. Bd5 Ne7 29. Bxb7 Rxb2 30. Ba6 Nf5 31. dxe5 Rxe5 
32. Rxe5 dxe5 33. a4 Ra2 34. Rd5 Rxa4 35. Rxe5 g6 36. Rc5 Kg7 37. Rxc7+ Kf6 
38. Kg1 h5 39. Rc6+ Kg5 40. Bc4 h4 41. Kf2 Kh6 42. Bb3 Rg4 43. Bd1 Rg5 
44. Rc8 Nd6 45. Rh8+ Kg7 46. Rxh4 Rc5 47. Nf4 Rxc3 48. Rg4 Ne4+ 49. Ke1 Kf7 
50. Nd5 Rc4 51. Ne3 Rb4 52. Bc2 Nd6 53. Rxg6 Nc4 54. Nd5 Rb5 55. Nf4 Ne3 
56. Bd3 Rb4 57. Nh3 Ke7 58. Rg5 Nc4 59. Nf2 Ke6 60. Rc5 Ne5 61. Bh7 Nf3+ 
62. Kd1 a4 63. Ra5 Kd6 64. Ne4+ Kc7 65. Nc3 Rc4 66. Kc2 Nd4+ 67. Kd3 Nb3 
68. Rh5 Rg4 69. Nd5+ Kd6 70. Kc3 Nc5 71. Bf5 Rg3+ 72. Kc4 Nb3 73. Nb4 a3 
74. Bc2 Nd2+ 75. Kb5 Nb3 76. Kc4 Nd2+ 77. Kb5 Nb3 78. Rd5+ Ke6 79. Rd1 Rc3 
80. Bh7 Ke5 81. Bb1 Nd4+ 82. Ka4 Ne2 83. Na2 Kf4 84. Rd2 Re3 85. Kb4 Ke5 
86. Rd1 Kf4 87. Bc2 Kg4 88. Rd7 Kf4 89. Bd1 Kf5 90. Rd2 Ng3 91. Bb3 Ne4 
92. Rc2 Ke5 93. Kxa3 Kd6 94. Kb4 Rh3 95. Nc1 Ng3 96. Nd3 Ne4 97. Nb2 Ke5 
98. Nc4+ Kf6 99. Na5 Kg5 100. Nc6 Rd3 101. Rc1 Rd6 102. Kb5 Kf4 103. Nb4 Rd4 
104. Nc6 Rd7 105. Ka5 Nd2 106. Bg8 Rg7 107. Ba2 Rd7 108. Nb4 Rd4 109. Nc6 Rd3 
110. Kb4 Rd7 111. Rd1 Ke3 112. Bc4 Kf4 113. Ba2 Ke3 114. Rh1 Ne4 115. Rh3+ Kf4 
116. Bb3 Rd6 117. Ba4 Kg5 118. Rh8 Rd2 119. Rf8 Rd6 120. Kc4 Nd2+ 121. Kb5 Ne4 
122. Bc2 Nf6 123. Nb4 Rd7 124. Rc8 Re7 125. Nc6 Re8 126. Rc7 Ne4 127. Rd7 Kf4 
128. Bb3 Rf8 129. Re7 Re8 130. Rd7 Rf8 131. Bc2 Re8 132. Rh7 Ke3 133. Kc4 Ng5 
134. Rd7 Nf3 135. Rd6 Rc8 136. Kc3 Ng5 137. Bf5 Rc7 138. Kc4 Kf4 1/2-1/2

[Event "Wednesday Jan 24 Engine Tour 15 Rd Swiss 12m+1s Starts at 1600hrs ST"]
[Site "Infinity Chess"]
[Date "2018.1.24"]
[Round "9"]
[White "star99"]
[Black "miguello"]
[Result "1/2-1/2"]
[ECO "E12"]
[WhiteElo "2422"]
[BlackElo "2379"]
[WhiteEngine "Cryptic AIL V2"]
[BlackEngine "stockfish_18012314_x64_modern_CTG"]
[EventType "Swiss"]
[WhiteTeam ""]
[BlackTeam ""]
[PlyCount "126"]
[TimeControl "720+1"]

1. d4 Nf6 2. c4 e6 3. Nf3 b6 4. Nc3 Bb7 5. a3 d5 6. cxd5 Nxd5 7. Qc2 Be7 
8. Bd2 O-O 9. e4 Nxc3 10. Bxc3 Nd7 11. Bc4 c5 12. d5 exd5 13. Bxd5 Bxd5 
14. exd5 Bf6 15. O-O Qc7 16. Rfe1 Rae8 17. g3 Qd6 18. Qd3 g6 19. Rxe8 Rxe8 
20. Rd1 Bg7 21. Qa6 Qb8 22. Bxg7 Kxg7 23. b4 Nf6 24. d6 Rd8 25. bxc5 bxc5 
26. Ne5 Qb2 27. f4 Nd7 28. Nxd7 Qb3 29. Qd3 Qxd3 30. Rxd3 Rxd7 31. Kf2 Kf6 
32. Rd5 c4 33. Ke3 Ke6 34. Kd4 c3 35. Re5+ Kxd6 36. Kxc3 Rc7+ 37. Kd3 f5 
38. a4 Rc5 39. Re8 Ra5 40. Rh8 Rxa4 41. Rxh7 Ra3+ 42. Kc4 Ke6 43. Kd4 Ra2 
44. h3 Ra4+ 45. Ke3 Ra3+ 46. Kf2 Ra2+ 47. Kf3 Ra3+ 48. Kf2 Ra6 49. g4 Ra3 
50. Rg7 Kf6 51. Rb7 Rxh3 52. g5+ Ke6 53. Rxa7 Kd5 54. Ra1 Rh2+ 55. Ke3 Rh3+ 
56. Ke2 Kd4 57. Ra4+ Kd5 58. Ra1 Rh2+ 59. Kd3 Rf2 60. Ra5+ Ke6 61. Ra6+ Kd5 
62. Rxg6 Rxf4 63. Ke2 Re4+ 1/2-1/2

[Event "Wednesday Jan 24 Engine Tour 15 Rd Swiss 12m+1s Starts at 1600hrs ST"]
[Site "Infinity Chess"]
[Date "2018.1.24"]
[Round "9"]
[White "Thinker"]
[Black "Satria_Ungu"]
[Result "1-0"]
[ECO "C55"]
[WhiteElo "2423"]
[BlackElo "2385"]
[WhiteEngine "BrainFish_180113_x64_modern_CTG"]
[BlackEngine "Houdini 6"]
[EventType "Swiss"]
[WhiteTeam ""]
[BlackTeam ""]
[PlyCount "141"]
[TimeControl "720+1"]

1. e4 e5 2. Nf3 Nc6 3. Bc4 Nf6 4. d3 Bc5 5. O-O O-O 6. c3 d6 7. Bg5 h6 8. Bh4 a6 
9. a4 g5 10. Bg3 Ba7 11. Nbd2 Kg7 12. Ba2 g4 13. Nh4 Nh5 14. Nc4 Qg5 
15. Ne3 Nxg3 16. hxg3 Bxe3 17. fxe3 Bd7 18. Qe2 Ne7 19. d4 f6 20. Rae1 h5 
21. Bd5 c6 22. Bb3 a5 23. Rd1 Rad8 24. Qf2 Rfe8 25. Bc2 Be6 26. Bd3 Rf8 
27. Rb1 Ra8 28. Kh2 Rfc8 29. b4 Rc7 30. bxa5 Rxa5 31. Rb4 Ra7 32. Bc4 Bc8 
33. Qd2 Bd7 34. Qd1 b5 35. Ba2 Rc8 36. dxe5 Qxe5 37. Rd4 Rf8 38. Rxd6 Bc8 
39. Rd8 Rxd8 40. Qxd8 Be6 41. Bxe6 Qxe6 42. axb5 Rb7 43. e5 Qxe5 44. bxc6 Qc7 
45. Qe8 Rb8 46. Qxh5 Rh8 47. Qxg4+ Kf7 48. Qc4+ Kg7 49. Kg1 Qxg3 50. Nf3 Qc7 
51. Qe6 Rh6 52. Qd7 Qxd7 53. cxd7 Rh8 54. Nd4 Kf7 55. e4 Kg6 56. Rf3 Ra8 
57. Kf2 Ra2+ 58. Ke3 Ra8 59. Rh3 Rb8 60. c4 Ra8 61. c5 f5 62. c6 Kg5 63. c7 f4+ 
64. Kd2 f3 65. d8=Q Ra2+ 66. Nc2 Rxc2+ 67. Kxc2 Kf4 68. Qd6+ Ke3 69. Rxf3+ Kxe4 
70. Rf4+ Ke3 71. Qd2# 1-0

[Event "Wednesday Jan 24 Engine Tour 15 Rd Swiss 12m+1s Starts at 1600hrs ST"]
[Site "Infinity Chess"]
[Date "2018.1.24"]
[Round "9"]
[White "BraveDevil"]
[Black "Dovahkiin"]
[Result "1/2-1/2"]
[ECO "C03"]
[WhiteElo "2383"]
[BlackElo "2428"]
[WhiteEngine "Cryptic AIL V2"]
[BlackEngine "BrainFish_180113_x64_modern_CTG"]
[EventType "Swiss"]
[WhiteTeam ""]
[BlackTeam ""]
[PlyCount "99"]
[TimeControl "720+1"]

1. e4 e6 2. d4 d5 3. Nd2 dxe4 4. Nxe4 Nd7 5. Bd3 Ngf6 6. Nf3 Nxe4 7. Bxe4 Nf6 
8. Bd3 c5 9. Be3 Qc7 10. Qe2 a6 11. O-O b6 12. Rfe1 Bb7 13. Rad1 h6 14. Ne5 Bd6 
15. Bf4 O-O 16. dxc5 Bxc5 17. Bg3 Bd6 18. Nd7 Bxg3 19. Nxf6+ gxf6 20. Qg4+ Kh8 
21. Qxg3 Qxg3 22. hxg3 Kg7 23. Be4 Bxe4 24. Rxe4 f5 25. Rb4 b5 26. Kf1 Rab8 
27. c3 a5 28. Rf4 Rfc8 29. a3 b4 30. axb4 axb4 31. Rxb4 Rxb4 32. cxb4 Rc4 
33. Ke2 Rxb4 34. Rb1 Kf6 35. Kd3 Ke7 36. Kc3 Rg4 37. Rh1 f4 38. Rh4 Rxh4 
39. gxh4 Kd6 40. Kc4 f5 41. f3 e5 42. b4 e4 43. fxe4 fxe4 44. Kd4 e3 45. Kd3 Kd5 
46. g3 fxg3 47. Kxe3 Kc4 48. Kf3 Kxb4 49. Kxg3 Kc5 50. Kg4 1/2-1/2

[Event "Wednesday Jan 24 Engine Tour 15 Rd Swiss 12m+1s Starts at 1600hrs ST"]
[Site "Infinity Chess"]
[Date "2018.1.24"]
[Round "9"]
[White "KULLANI"]
[Black "hafaba"]
[Result "1/2-1/2 "]
[ECO "B00"]
[WhiteElo "2393"]
[BlackElo "2444"]
[WhiteEngine "BrainFish_180113_x64_CTG"]
[BlackEngine "Stockfish SL FA POPCNT_CTG"]
[EventType "Swiss"]
[WhiteTeam ""]
[BlackTeam ""]
[PlyCount "163"]
[TimeControl "720+1"]

1. e4 Nc6 2. Nf3 e5 3. Bc4 Nf6 4. d3 Bc5 5. c3 a5 6. O-O d6 7. Re1 O-O 
8. Nbd2 Ng4 9. Re2 Nf6 10. Nf1 Be6 11. Bb5 Ne7 12. h3 c6 13. Ba4 Bb6 14. Ng3 Ng6 
15. d4 Bc7 16. Re1 Re8 17. Bc2 d5 18. exd5 Bxd5 19. Bxg6 fxg6 20. Nxe5 Nd7 
21. f4 Qh4 22. Qg4 Qxg4 23. hxg4 a4 24. Be3 Nb6 25. Nf1 Nc4 26. Nxc4 Bxc4 
27. g5 Bd5 28. g3 h6 29. gxh6 gxh6 30. Nh2 h5 31. Kf2 g5 32. Nf3 g4 33. Ne5 Kg7 
34. b3 Kf6 35. Bd2 Kf5 36. Nc4 Rxe1 37. Rxe1 Kf6 38. Ne3 Bf7 39. Nc4 axb3 
40. axb3 Bd5 41. Ne5 Kf5 42. Nc4 Kf6 43. Ne5 Ra2 44. Ke3 Kf5 45. Re2 h4 
46. gxh4 g3 47. h5 g2 48. Re1 Bxb3 49. h6 Bxe5 50. fxe5 Bd5 51. h7 Ra8 
52. Kf2 Rh8 53. e6 Bxe6 54. Kxg2 Bd5+ 55. Kf2 Rxh7 56. Re5+ Kg6 57. Bf4 Rh3 
58. Bg3 Kf6 59. Re3 Kf7 60. Re5 Kg6 61. Re7 b6 62. Rc7 b5 63. Re7 Kf5 
64. Re3 Kg5 65. Re5+ Kf6 66. Re8 Kg6 67. Re2 Kf5 68. Re7 Kf6 69. Re8 Kf5 
70. Re7 Kg6 71. Re1 Kf7 72. Rg1 Ke6 73. Re1+ Kd7 74. Re3 Rh1 75. Bb8 Bc4 
76. Kf3 Rh3+ 77. Bg3 Bd5+ 78. Kf2 Rh7 79. Ke1 Rf7 80. Ke2 Bc4+ 81. Kd1 Bb3+ 
82. Kd2 1/2-1/2

[Event "Wednesday Jan 24 Engine Tour 15 Rd Swiss 12m+1s Starts at 1600hrs ST"]
[Site "Infinity Chess"]
[Date "2018.1.24"]
[Round "9"]
[White "SkyPilot"]
[Black "angriff"]
[Result "1-0"]
[ECO "B00"]
[WhiteElo "2475"]
[BlackElo "2428"]
[WhiteEngine "stockfish_x64_bmi2_2018_01_13_CTG"]
[BlackEngine "Stockfish SL FA POPCNT_CTG"]
[EventType "Swiss"]
[WhiteTeam ""]
[BlackTeam ""]
[PlyCount "131"]
[TimeControl "720+1"]

1. e4 Nc6 2. Nf3 e5 3. Bc4 Nf6 4. d3 Bc5 5. c3 a5 6. O-O d6 7. Re1 h6 8. h3 O-O 
9. Nbd2 Be6 10. a4 Qd7 11. Bb5 Bxh3 12. gxh3 Qxh3 13. Nf1 Qg4+ 14. Kh1 Bxf2 
15. N1h2 Qh5 16. Re2 Bb6 17. Bd2 Ne7 18. d4 Rad8 19. Bd3 Rfe8 20. Qc2 exd4 
21. Rg2 d5 22. e5 Ne4 23. Nxd4 Nc6 24. Nxc6 bxc6 25. Bf4 Re6 26. Re1 f5 
27. exf6 Rxf6 28. Bxe4 Rxf4 29. Bh7+ Kh8 30. Qg6 Qxg6 31. Bxg6 Rg8 32. Rge2 Bc5 
33. Re8 Rgf8 34. Rxf8+ Bxf8 35. Rf1 Rf6 36. Rxf6 gxf6 37. Nf3 Kg7 38. Be8 c5 
39. Kg2 f5 40. Ne5 Kf6 41. Nd7+ Ke7 42. Nxf8 Kxf8 43. Bc6 d4 44. cxd4 c4 
45. Bb5 c3 46. bxc3 Ke7 47. Kg3 Kf6 48. Kf4 Ke6 49. Bc6 h5 50. c4 Kf6 51. Bg2 h4 
52. d5 h3 53. Bxh3 Ke7 54. c5 Kd7 55. Kxf5 Ke7 56. Bf1 Kd7 57. Ba6 Ke7 
58. Bb5 c6 59. dxc6 Kd8 60. Ke6 Kc7 61. Ke7 Kc8 62. Kd6 Kb8 63. c7+ Ka7 
64. c6 Ka8 65. c8=Q+ Ka7 66. Qb7# 1-0

[Event "Wednesday Jan 24 Engine Tour 15 Rd Swiss 12m+1s Starts at 1600hrs ST"]
[Site "Infinity Chess"]
[Date "2018.1.24"]
[Round "9"]
[White "ocirema"]
[Black "Marsell"]
[Result "1/2-1/2"]
[ECO "C77"]
[WhiteElo "2446"]
[BlackElo "2508"]
[WhiteEngine "stockfish_18012314_x64_modern_CTG"]
[BlackEngine "asmFishW_2018-01-11_popcnt"]
[EventType "Swiss"]
[WhiteTeam ""]
[BlackTeam ""]
[PlyCount "123"]
[TimeControl "720+1"]

1. e4 e5 2. Nf3 Nc6 3. Bb5 a6 4. Ba4 Nf6 5. O-O Be7 6. Re1 b5 7. Bb3 O-O 
8. h3 Bb7 9. d3 d5 10. exd5 Nxd5 11. Nxe5 Nd4 12. Nd2 c5 13. Nef3 Nxb3 
14. Nxb3 Qc7 15. a4 Nb4 16. c3 Bxf3 17. gxf3 Nd5 18. axb5 axb5 19. Rxa8 Rxa8 
20. f4 h6 21. Qf3 Rd8 22. Rd1 Qc8 23. Nd2 Bf8 24. Ne4 f5 25. Ng3 g6 26. Nf1 Kh7 
27. Ne3 Nc7 28. Nc2 b4 29. Be3 Nd5 30. cxb4 cxb4 31. Ne1 Qe6 32. Bd4 Bg7 
33. Bxg7 Kxg7 34. Ng2 Rd7 35. Rc1 Qf6 36. Qe2 Qd6 37. Rc4 Nb6 38. Rc1 Nd5 
39. Rc4 Nb6 40. Rc2 Nd5 41. Rc8 Nc7 42. Qe3 Ne6 43. h4 b3 44. h5 g5 45. Qe1 Kh7 
46. Qe5 Qxe5 47. fxe5 f4 48. Ne1 Ng7 49. Kg2 Rd5 50. Nf3 Nxh5 51. d4 g4 
52. Nh4 f3+ 53. Kh2 Rxd4 54. Rc7+ Kg8 55. Nf5 g3+ 56. fxg3 Rd2+ 57. Kh3 Rxb2 
58. Nxh6+ Kh8 59. Nf7+ Kg8 60. Nh6+ Kh8 61. Nf7+ Kg8 62. Nh6+ 1/2-1/2

[Event "Wednesday Jan 24 Engine Tour 15 Rd Swiss 12m+1s Starts at 1600hrs ST"]
[Site "Infinity Chess"]
[Date "2018.1.24"]
[Round "9"]
[White "MarioDeMonti"]
[Black "RonWeasley"]
[Result "1/2-1/2"]
[ECO "C11"]
[WhiteElo "2439"]
[BlackElo "2512"]
[WhiteEngine "stockfish_x64_bmi2_2018_01_13_CTG"]
[BlackEngine "BrainFish 130117_CTG"]
[EventType "Swiss"]
[WhiteTeam ""]
[BlackTeam ""]
[PlyCount "88"]
[TimeControl "720+1"]

1. e4 e6 2. d4 d5 3. Nc3 Nf6 4. e5 Nfd7 5. f4 c5 6. Nf3 Nc6 7. Be3 cxd4 
8. Nxd4 Qb6 9. a3 Bc5 10. Ncb5 a6 11. Nxc6 axb5 12. Bxc5 Nxc5 13. Nd4 O-O 
14. Bxb5 Bd7 15. Bxd7 Nxd7 16. b3 f6 17. exf6 Nxf6 18. O-O Ne4 19. Qd3 g5 
20. c4 Rxf4 21. Rxf4 gxf4 22. cxd5 exd5 23. Rd1 Rxa3 24. Qf3 Ra1 25. Qg4+ Kf7 
26. Qxf4+ Kg8 27. Qb8+ Kf7 28. Qf4+ Kg8 29. Qg4+ Kh8 30. Qc8+ Kg7 31. Qd7+ Kf8 
32. Qf5+ Nf6 33. Qd3 Rxd1+ 34. Qxd1 Ke7 35. Qe2+ Ne4 36. Qe3 Qf6 37. g3 Kd7 
38. Kg2 h5 39. Ne2 Kc6 40. Nd4+ Kc5 41. Nf3+ Kb4 42. Nd4 Kc5 43. Ne6+ Kc6 
44. Nd4+ Kc5 1/2-1/2

[Event "Wednesday Jan 24 Engine Tour 15 Rd Swiss 12m+1s Starts at 1600hrs ST"]
[Site "Infinity Chess"]
[Date "2018.1.24"]
[Round "8"]
[White "KULLANI"]
[Black "Satria_Ungu"]
[Result "0-1"]
[ECO "C55"]
[WhiteElo "2411"]
[BlackElo "2367"]
[WhiteEngine "BrainFish_180113_x64_CTG"]
[BlackEngine "Houdini 6"]
[EventType "Swiss"]
[WhiteTeam ""]
[BlackTeam ""]
[PlyCount "93"]
[TimeControl "720+1"]

1. e4 e5 2. Nf3 Nc6 3. Bc4 Nf6 4. d3 Bc5 5. c3 d6 6. O-O h6 7. b4 Bb6 8. a4 a5 
9. b5 Ne7 10. Nbd2 Ng6 11. Bb3 O-O 12. Nc4 Ba7 13. Be3 c6 14. Bxa7 Rxa7 
15. Re1 cxb5 16. axb5 b6 17. Qc2 Bd7 18. Reb1 Bg4 19. Ne1 d5 20. Ne3 Be6 
21. exd5 Bxd5 22. Nxd5 Nxd5 23. g3 Rc7 24. Bxd5 Qxd5 25. c4 Qe6 26. Qe2 Rfc8 
27. Ra4 Rc5 28. Nc2 Rd8 29. Re1 Rd6 30. Ra3 Ne7 31. Ne3 Qd7 32. Qf3 f5 
33. Nc2 Kh8 34. Qe2 f4 35. Qe4 Nf5 36. Rd1 Nd4 37. Rc1 Ne6 38. h4 g5 
39. Re1 gxh4 40. gxf4 exf4 41. Kh1 Ng7 42. Kh2 Rg5 43. d4 Rdg6 44. Rh3 Rg2+ 
45. Qxg2 Rxg2+ 46. Kxg2 Qf5 47. Rc3 0-1

[Event "Wednesday Jan 24 Engine Tour 15 Rd Swiss 12m+1s Starts at 1600hrs ST"]
[Site "Infinity Chess"]
[Date "2018.1.24"]
[Round "8"]
[White "Dovahkiin"]
[Black "miguello"]
[Result "1/2-1/2"]
[ECO ""]
[WhiteElo "2430"]
[BlackElo "2377"]
[WhiteEngine "BrainFish_180113_x64_modern_CTG"]
[BlackEngine "stockfish_18012314_x64_modern_CTG"]
[EventType "Swiss"]
[WhiteTeam ""]
[BlackTeam ""]
[PlyCount "130"]
[TimeControl "720+1"]

1. e3 Nf6 2. d3 c5 3. d4 d5 4. Nf3 Nc6 5. c3 e6 6. Nbd2 Qc7 7. Bd3 Be7 
8. dxc5 Bxc5 9. O-O O-O 10. a3 a5 11. c4 dxc4 12. Bxc4 Ne5 13. Nxe5 Qxe5 
14. Qe2 b6 15. Nf3 Qh5 16. b3 Rd8 17. Rd1 Bb7 18. Bb2 Ne4 19. Rac1 Bd6 
20. h3 Rac8 21. Ne5 Qh4 22. a4 h6 23. Nf3 Qh5 24. Nd4 Qxe2 25. Nxe2 Bb4 
26. Rxd8+ Rxd8 27. Bd4 Rd6 28. Bd3 Nc5 29. Bc4 Nd7 30. f3 Kf8 31. Kf1 f6 
32. e4 Ke7 33. Bb5 Bc5 34. Bc3 Be3 35. Rb1 Bc6 36. Bxc6 Rxc6 37. b4 axb4 
38. Bxb4+ Kf7 39. a5 bxa5 40. Bxa5 Ra6 41. Bc3 Rd6 42. h4 Rd3 43. Be1 Nc5 
44. h5 Ra3 45. Bb4 Rb3 46. Rxb3 Nxb3 47. Ke1 f5 48. exf5 exf5 49. Kd1 Kf6 
50. Bc3+ Kf7 51. Kc2 Nc5 52. Kd1 Ne6 53. Be5 f4 54. Kc2 g5 55. Bc3 Bf2 
56. Kd3 Nc5+ 57. Kc4 Nd7 58. Kd5 Nf6+ 59. Bxf6 Kxf6 60. Nc3 Kf5 61. Ne4 Bb6 
62. Nd6+ Kf6 63. Ne4+ Kf5 64. Nd6+ Kf6 65. Ne4+ Kf5 1/2-1/2

[Event "Wednesday Jan 24 Engine Tour 15 Rd Swiss 12m+1s Starts at 1600hrs ST"]
[Site "Infinity Chess"]
[Date "2018.1.24"]
[Round "8"]
[White "Dinkelberger"]
[Black "angriff"]
[Result "1/2-1/2"]
[ECO "B00"]
[WhiteElo "2410"]
[BlackElo "2429"]
[WhiteEngine "stockfish_18011309_x64_modern_CTG"]
[BlackEngine "Stockfish SL FA POPCNT_CTG"]
[EventType "Swiss"]
[WhiteTeam ""]
[BlackTeam ""]
[PlyCount "138"]
[TimeControl "720+1"]

1. e4 Nc6 2. d4 d5 3. e5 Bf5 4. c3 e6 5. Nd2 f6 6. f4 g5 7. Ndf3 gxf4 
8. Bb5 fxe5 9. Bxc6+ bxc6 10. dxe5 Ne7 11. Ne2 Ng6 12. O-O c5 13. Bxf4 Nxf4 
14. Nxf4 Be7 15. b4 Rb8 16. bxc5 Bxc5+ 17. Nd4 O-O 18. Kh1 Bxd4 19. cxd4 Qe7 
20. Qd2 c5 21. dxc5 Qxc5 22. Nh5 Kh8 23. Rac1 Qb4 24. Qh6 Rf7 25. Rf3 d4 
26. h3 d3 27. Ng3 Rg7 28. Nxf5 exf5 29. Rxd3 Qe4 30. Rf3 Qxe5 31. Rg1 Re8 
32. Qd2 Rf7 33. Rgf1 Re6 34. Qd8+ Kg7 35. Qd3 Rd6 36. Rg3+ Rg6 37. Re3 Qb2 
38. Re2 Qf6 39. Ref2 Qc6 40. Qd4+ Kg8 41. Qb2 Qb6 42. Qe5 Re6 43. Qg3+ Rg6 
44. Qd3 Qd6 45. Qb3 Qe6 46. Qb8+ Kg7 47. Qb2+ Qf6 48. Qb1 Qc6 49. Qa1+ Kg8 
50. Rc1 Qf6 51. Rc8+ Kg7 52. Qc1 h6 53. Rc5 Qe6 54. Qf4 Qe4 55. Rxf5 Qxf5 
56. Qd4+ Qf6 57. Rxf6 Rgxf6 58. g4 Kg8 59. Qd5 h5 60. Qg5+ Kf8 61. Qc5+ Kg8 
62. Qg5+ Kf8 63. Qxh5 Rf1+ 64. Kg2 R7f2+ 65. Kg3 Rf3+ 66. Kh4 Rxh3+ 
67. Kxh3 Rh1+ 68. Kg2 Rxh5 69. gxh5 Kg7 1/2-1/2

[Event "Wednesday Jan 24 Engine Tour 15 Rd Swiss 12m+1s Starts at 1600hrs ST"]
[Site "Infinity Chess"]
[Date "2018.1.24"]
[Round "8"]
[White "MarioDeMonti"]
[Black "Thinker"]
[Result "1/2-1/2"]
[ECO "C55"]
[WhiteElo "2440"]
[BlackElo "2422"]
[WhiteEngine "stockfish_x64_bmi2_2018_01_13_CTG"]
[BlackEngine "BrainFish_180113_x64_modern_CTG"]
[EventType "Swiss"]
[WhiteTeam ""]
[BlackTeam ""]
[PlyCount "120"]
[TimeControl "720+1"]

1. e4 e5 2. Nf3 Nc6 3. Bc4 Nf6 4. d3 Bc5 5. c3 d6 6. O-O O-O 7. h3 a5 8. Nbd2 h6 
9. Re1 Be6 10. a4 Bb6 11. Bxe6 fxe6 12. Nc4 Bc5 13. Be3 Bxe3 14. Rxe3 Qd7 
15. Rc1 Rf7 16. d4 exd4 17. cxd4 Raf8 18. Qb3 b6 19. Qb5 Nb4 20. Na3 Na2 
21. Rd1 Nb4 22. Qxd7 Rxd7 23. Nb5 Nh5 24. e5 Nf4 25. h4 d5 26. g3 c6 27. Nd6 Ng6 
28. h5 Ne7 29. Nh4 c5 30. dxc5 bxc5 31. Rc3 Na6 32. Ng6 Rb8 33. b3 d4 
34. Nxe7+ Rxe7 35. Rcd3 Nb4 36. R3d2 Nc6 37. Rc2 Rxb3 38. Ne4 Nxe5 39. Rxc5 Nf3+ 
40. Kg2 e5 41. Rxa5 Kh7 42. Rc5 Ra3 43. Rb1 Ng5 44. Nd6 Rxa4 45. Rb8 g6 
46. Rb6 d3 47. Rcc6 d2 48. hxg6+ Kxg6 49. Nc4+ Re6 50. Rxe6+ Nxe6 51. Rxe6+ Kf7 
52. Rd6 Rxc4 53. Rxd2 h5 54. Rd5 Ke6 55. Ra5 Kf6 56. Kf3 h4 57. gxh4 Rxh4 
58. Kg2 Rg4+ 59. Kh3 Rd4 60. Ra6+ Kg5 1/2-1/2

[Event "Wednesday Jan 24 Engine Tour 15 Rd Swiss 12m+1s Starts at 1600hrs ST"]
[Site "Infinity Chess"]
[Date "2018.1.24"]
[Round "8"]
[White "hafaba"]
[Black "SkyPilot"]
[Result "1/2-1/2"]
[ECO "A06"]
[WhiteElo "2443"]
[BlackElo "2476"]
[WhiteEngine "Stockfish SL FA POPCNT_CTG"]
[BlackEngine "stockfish_x64_bmi2_2018_01_13_CTG"]
[EventType "Swiss"]
[WhiteTeam ""]
[BlackTeam ""]
[PlyCount "99"]
[TimeControl "720+1"]

1. Nf3 d5 2. d4 Nf6 3. c4 e6 4. Nc3 c6 5. e3 Nbd7 6. Qc2 Bd6 7. Be2 O-O 
8. O-O dxc4 9. Bxc4 b5 10. Bd3 Bb7 11. Ng5 h6 12. Nge4 Be7 13. Rd1 Nd5 14. a3 a5 
15. b3 f5 16. Nxd5 cxd5 17. Ng3 Qb6 18. Nh5 Nf6 19. Nxf6+ Bxf6 20. Qe2 b4 
21. g3 g6 22. h4 h5 23. Bb2 Rfb8 24. Rdc1 Be7 25. Ra2 Kf7 26. Rca1 Rh8 
27. Bc1 Rag8 28. axb4 axb4 29. Bd2 g5 30. hxg5 Rxg5 31. e4 fxe4 32. Bxg5 Bxg5 
33. Ba6 Bc6 34. Kg2 Qxd4 35. Bb5 Bxb5 36. Qxb5 h4 37. Qe2 Qc3 38. Ra8 hxg3 
39. fxg3 Rxa8 40. Qh5+ Ke7 41. Rxa8 Qb2+ 42. Kh3 Qf6 43. Kg2 Qf5 44. Rg8 Bf6 
45. Qe8+ Kd6 46. Qb8+ Kc5 47. Qa7+ Kd6 48. Qb8+ Kc5 49. Qa7+ Kd6 50. Qb8+ 
1/2-1/2

[Event "Wednesday Jan 24 Engine Tour 15 Rd Swiss 12m+1s Starts at 1600hrs ST"]
[Site "Infinity Chess"]
[Date "2018.1.24"]
[Round "8"]
[White "Marsell"]
[Black "star99"]
[Result "1-0"]
[ECO "C55"]
[WhiteElo "2494"]
[BlackElo "2436"]
[WhiteEngine "asmFishW_2018-01-11_popcnt"]
[BlackEngine "Cryptic AIL V2"]
[EventType "Swiss"]
[WhiteTeam ""]
[BlackTeam ""]
[PlyCount "159"]
[TimeControl "720+1"]

1. e4 e5 2. Nf3 Nc6 3. Bc4 Nf6 4. d3 Be7 5. O-O d6 6. c3 O-O 7. a4 Be6 
8. Bxe6 fxe6 9. b4 Qe8 10. Nbd2 Qg6 11. Qe2 Nh5 12. Nc4 Nf4 13. Bxf4 Rxf4 
14. b5 Nb8 15. a5 Nd7 16. a6 b6 17. Rae1 Raf8 18. Kh1 Qh5 19. d4 Bg5 
20. Ng1 Qxe2 21. Rxe2 exd4 22. cxd4 d5 23. Nd2 R4f6 24. Ndf3 Bf4 25. exd5 exd5 
26. g3 Bd6 27. Kg2 c6 28. Ne5 Bxe5 29. dxe5 Rf5 30. f4 c5 31. Rd1 d4 
32. Rde1 Rc8 33. Re4 Rff8 34. Nf3 h5 35. Nd2 Rfe8 36. h3 Nf8 37. f5 Nh7 
38. Nf3 d3 39. Rc4 g6 40. g4 gxf5 41. gxf5 Rf8 42. f6 Rfd8 43. Kf2 Kf7 
44. Ke3 Rd5 45. Rd1 Re8 46. Re4 Rg8 47. Rxd3 Rxd3+ 48. Kxd3 Ke6 49. Rf4 Kd5 
50. Ke3 Rc8 51. h4 Nf8 52. Rf5 Ne6 53. Rxh5 c4 54. Rh7 c3 55. Rd7+ Kc4 
56. Ne1 Rc5 57. Ke4 Rxb5 58. Rxa7 Nc5+ 59. Kf3 Rb1 60. Kf2 Kb3 61. Rb7 Ne4+ 
62. Ke2 Rb2+ 63. Ke3 Nd2 64. a7 Nc4+ 65. Kf4 Rb1 66. Nd3 Ra1 67. f7 c2 
68. Ke4 Re1+ 69. Kf5 Rd1 70. Rd7 Ne3+ 71. Ke6 c1=Q 72. Nxc1+ Rxc1 73. a8=Q Rc3 
74. f8=Q Nc2 75. Qf1 Kb2 76. Rd2 Rc6+ 77. Qxc6 b5 78. Rxc2+ Ka3 79. Qc3+ Ka4 
80. Ra2# 1-0